NCAA
MICHIGAN WOLVERINES @ CREIGHTON BLUE JAYS
04/15/2030
 
TOP OF THE 1ST
Michigan Wolverines batting - Pitching for Creighton Blue Jays : LHP Carl Orr
Pitching: LHP Carl Orr
Batting: RHB Roberto López 0-0: Foul Ball, location: 2F
0-1: Ball
1-1: Ground out 3-1 (Groundball, 34S)
Batting: LHB Mark Wilson 0-0: Foul Ball, location: 2F
0-1: Ball
1-1: Ball
2-1: Reached on error, E5 (Groundball, 56S)
Batting: LHB Dustin Jones 0-0: Ball
1-0: Ball
2-0: Ball
3-0: Called Strike
3-1: Base on Balls
Batting: RHB Bob Caldwell 0-0: Called Strike
0-1: Ball
1-1: Grounds into double play, 6-4-3 (Groundball, 56)
Top of the 1st over - 0 runs, 0 hits, 1 error, 1 left on base; Michigan 0 - Creighton 0
BOTTOM OF THE 1ST
Creighton Blue Jays batting - Pitching for Michigan Wolverines : LHP Jonathan Bogan
Pitching: LHP Jonathan Bogan
Batting: RHB Carlos Gómez 0-0: Ball
1-0: Ball
2-0: Ball
3-0: Base on Balls
Batting: LHB Miguel Maldonado 0-0: Ball
1-0: Called Strike
1-1: Ball
2-1: Foul Ball, location: 2F
2-2: SINGLE (Flyball, 9S)
Carlos Gómez to second
Runner from 2nd tries for 3rd, SAFE, no throw
Batting: SHB Brian Estes 0-0: Called Strike
0-1: Ball
1-1: Foul Ball, location: 2F
1-2: SINGLE (Flyball, 7LS)
Carlos Gómez scores
Miguel Maldonado to second
Batting: RHB Lucas Archer 0-0: Foul Ball, location: 2F
0-1: Fly out, F7 (Flyball, 7S)
Batting: LHB Ismael Báez 0-0: Ball
Miguel Maldonado steals 3rd base
Brian Estes to second
1-0: Ball
2-0: Ball
3-0: Base on Balls
Batting: RHB Geoff Rainey 0-0: Called Strike
0-1: Foul Ball, location: 2F
0-2: Fly out, F8 (Flyball, 8RXD)
Runner from 3rd tags up, SCORES, no throw
Batting: LHB Bernard Lane 0-0: Ball
1-0: Swinging Strike
1-1: Ball
2-1: Ball
3-1: Base on Balls
Brian Estes to third
Ismael Báez to second
Batting: LHB David Trent 0-0: Called Strike
0-1: Ball
1-1: Foul Ball, location: 2F
1-2: Foul Ball, location: 2F
1-2: Foul Ball, location: 2F
1-2: SINGLE (Groundball, 34D)
Brian Estes scores
Ismael Báez to third
Bernard Lane to second
Runner from 3rd tries for Home, SAFE, throw made at trailing runner, OUT at third!
Bottom of the 1st over - 4 runs, 3 hits, 0 errors, 1 left on base; Michigan 0 - Creighton 4
TOP OF THE 2ND
Michigan Wolverines batting - Pitching for Creighton Blue Jays : LHP Carl Orr
Batting: LHB Ken Miller 0-0: Called Strike
0-1: Ball
1-1: Foul Ball, location: 2F
1-2: Ball
2-2: Foul Ball, location: 2F
2-2: Ball
3-2: Foul Ball, location: 2F
3-2: Foul Ball, location: 2F
3-2: Strikes out looking
Batting: RHB Mike Clyne 0-0: Ball
1-0: Ball
2-0: Ball
3-0: Called Strike
3-1: Swinging Strike
3-2: Base on Balls
Batting: RHB David Morgan 0-0: Foul Ball, location: 2F
0-1: Ball
1-1: Swinging Strike
1-2: Ball
2-2: Strikes out looking
Batting: RHB George Bishop 0-0: Swinging Strike
0-1: Ball
1-1: Called Strike
1-2: Ball
2-2: Fielders Choice at 2nd, 5-4 (Groundball, 56)
Top of the 2nd over - 0 runs, 0 hits, 0 errors, 1 left on base; Michigan 0 - Creighton 4
BOTTOM OF THE 2ND
Creighton Blue Jays batting - Pitching for Michigan Wolverines : LHP Jonathan Bogan
Batting: LHB Mike Collier 0-0: Fly out, F6 (Popup, 6)
Batting: RHB Carlos Gómez 0-0: Ball
1-0: Called Strike
1-1: Ball
2-1: Fly out, F9 (Flyball, 9)
Batting: LHB Miguel Maldonado 0-0: Ground out 4-3 (Groundball, 34D)
Bottom of the 2nd over - 0 runs, 0 hits, 0 errors, 0 left on base; Michigan 0 - Creighton 4
TOP OF THE 3RD
Michigan Wolverines batting - Pitching for Creighton Blue Jays : LHP Carl Orr
Batting: RHB Miguel Vega 0-0: Foul Ball, location: 2F
0-1: Called Strike
0-2: Strikes out swinging
Batting: RHB Roberto López 0-0: Called Strike
0-1: SINGLE (Flyball, 9LS)
Batting: LHB Mark Wilson 0-0: Ball
1-0: Ball
2-0: Grounds into double play, 4-6-3 (Groundball, 4)
Top of the 3rd over - 0 runs, 1 hit, 0 errors, 0 left on base; Michigan 0 - Creighton 4
BOTTOM OF THE 3RD
Creighton Blue Jays batting - Pitching for Michigan Wolverines : LHP Jonathan Bogan
Batting: SHB Brian Estes 0-0: Fly out, F8 (Flyball, 8LM)
Batting: RHB Lucas Archer 0-0: Ball
1-0: DOUBLE (Line Drive, 7LM)
Batting: LHB Ismael Báez 0-0: Ball
1-0: Foul Ball, location: 2F
1-1: Ball
2-1: Ball
3-1: Base on Balls
Batting: RHB Geoff Rainey 0-0: Ball
1-0: Fly out, F9 (Flyball, 89D)
Batting: LHB Bernard Lane 0-0: Swinging Strike
0-1: Fielders Choice at 2nd, 6-4 (Groundball, 6)
Bottom of the 3rd over - 0 runs, 1 hit, 0 errors, 2 left on base; Michigan 0 - Creighton 4
TOP OF THE 4TH
Michigan Wolverines batting - Pitching for Creighton Blue Jays : LHP Carl Orr
Batting: LHB Dustin Jones 0-0: Called Strike
0-1: Ball
1-1: Ground out 6-3 (Groundball, 56)
Batting: RHB Bob Caldwell 0-0: Called Strike
0-1: Called Strike
0-2: Foul Ball, location: 2F
0-2: Foul Ball, location: 2F
0-2: Ball
1-2: Foul Ball, location: 2F
1-2: Fly out, F8 (Flyball, 8LXD)
Batting: LHB Ken Miller 0-0: Ball
1-0: Ball
2-0: Foul Ball, location: 2F
2-1: Ball
3-1: Base on Balls
Batting: RHB Mike Clyne 0-0: Fielders Choice at 2nd, 6-4 (Groundball, 6)
Top of the 4th over - 0 runs, 0 hits, 0 errors, 1 left on base; Michigan 0 - Creighton 4
BOTTOM OF THE 4TH
Creighton Blue Jays batting - Pitching for Michigan Wolverines : LHP Jonathan Bogan
Batting: LHB David Trent 0-0: Called Strike
0-1: Ball
1-1: Ball
2-1: Ground out 1-3 (Groundball, 13S)
Batting: LHB Mike Collier 0-0: Ball
1-0: Ball
2-0: Ball
3-0: Called Strike
3-1: Base on Balls
Batting: RHB Carlos Gómez 0-0: Ball
1-0: Foul Ball, location: 2F
1-1: SINGLE (Line Drive, 78S)
Mike Collier to second
Batting: LHB Miguel Maldonado 0-0: Fielders Choice at 2nd, 3-6 (Groundball, 34)
Mike Collier to third
Batting: SHB Brian Estes 0-0: Ball
1-0: Ball
2-0: Called Strike
2-1: Fly out, F7 (Flyball, 7LSF)
Bottom of the 4th over - 0 runs, 1 hit, 0 errors, 2 left on base; Michigan 0 - Creighton 4
TOP OF THE 5TH
Michigan Wolverines batting - Pitching for Creighton Blue Jays : LHP Carl Orr
Batting: RHB David Morgan 0-0: Called Strike
0-1: Foul Ball, location: 2F
0-2: Strikes out swinging
Batting: RHB George Bishop 0-0: Ball
1-0: Swinging Strike
1-1: Ball
2-1: Foul Ball, location: 2F
2-2: Strikes out swinging
Batting: RHB Miguel Vega 0-0: Foul Ball, location: 2F
0-1: Called Strike
0-2: Ground out 6-3 (Groundball, 6MS)
Top of the 5th over - 0 runs, 0 hits, 0 errors, 0 left on base; Michigan 0 - Creighton 4
BOTTOM OF THE 5TH
Creighton Blue Jays batting - Pitching for Michigan Wolverines : LHP Jonathan Bogan
Batting: RHB Lucas Archer 0-0: Foul Ball, location: 2F
0-1: SINGLE (Line Drive, 34D)
Batting: LHB Ismael Báez 0-0: Swinging Strike
0-1: Fly out, F5 (Popup, 5)
Batting: RHB Geoff Rainey 0-0: Ball
1-0: Ball
2-0: Ball
3-0: Called Strike
3-1: Foul Ball, location: 2F
3-2: Base on Balls
Lucas Archer to second
Batting: LHB Bernard Lane 0-0: Called Strike
0-1: Swinging Strike
0-2: Ball
1-2: Strikes out swinging
Pitching: RHP Francisco González
Batting: LHB David Trent 0-0: Ball
1-0: Foul Ball, location: 2F
1-1: Foul Ball, location: 2F
1-2: Ball
2-2: Strikes out looking
Bottom of the 5th over - 0 runs, 1 hit, 0 errors, 2 left on base; Michigan 0 - Creighton 4
TOP OF THE 6TH
Michigan Wolverines batting - Pitching for Creighton Blue Jays : LHP Carl Orr
Batting: RHB Roberto López 0-0: Called Strike
0-1: Foul Ball, location: 2F
0-2: Ball
1-2: Foul Ball, location: 2F
1-2: Ball
2-2: Ground out 6-3 (Groundball, 6)
Pitching: RHP Jason Lawson
Batting: LHB Mark Wilson 0-0: Called Strike
0-1: Swinging Strike
0-2: Foul Ball, location: 2F
0-2: Strikes out swinging
Batting: LHB Dustin Jones 0-0: Swinging Strike
0-1: Called Strike
0-2: Foul Ball, location: 2F
0-2: Ball
1-2: Foul Ball, location: 2F
1-2: Ball
2-2: Fly out, F9 (Flyball, 9S)
Top of the 6th over - 0 runs, 0 hits, 0 errors, 0 left on base; Michigan 0 - Creighton 4
BOTTOM OF THE 6TH
Creighton Blue Jays batting - Pitching for Michigan Wolverines : RHP Francisco González
Batting: LHB Mike Collier 0-0: Ball
1-0: Foul Ball, location: 2F
1-1: Foul Ball, location: 2F
1-2: Foul Ball, location: 2F
1-2: Ball
2-2: Foul Ball, location: 2F
2-2: Ball
3-2: Strikes out looking
Batting: RHB Carlos Gómez 0-0: Ball
1-0: Ball
2-0: Ball
3-0: Base on Balls
Batting: LHB Miguel Maldonado 0-0: Ball
Carlos Gómez steals 2nd base
1-0: Ball
2-0: Foul Ball, location: 2F
2-1: Ground out 6-3 (Groundball, 6)
Carlos Gómez to third
Batting: SHB Brian Estes 0-0: Ground out 4-3 (Groundball, 4)
Bottom of the 6th over - 0 runs, 0 hits, 0 errors, 1 left on base; Michigan 0 - Creighton 4
TOP OF THE 7TH
Michigan Wolverines batting - Pitching for Creighton Blue Jays : RHP Jason Lawson
Batting: RHB Bob Caldwell 0-0: Foul Ball, location: 2F
0-1: Foul Ball, location: 2F
0-2: Ball
1-2: Strikes out swinging
Batting: LHB Ken Miller 0-0: Called Strike
0-1: Ball
1-1: Ground out 3-1 (Groundball, 34)
Batting: RHB Mike Clyne 0-0: Swinging Strike
0-1: Swinging Strike
0-2: Strikes out looking
Top of the 7th over - 0 runs, 0 hits, 0 errors, 0 left on base; Michigan 0 - Creighton 4
BOTTOM OF THE 7TH
Creighton Blue Jays batting - Pitching for Michigan Wolverines : RHP Francisco González
Batting: RHB Lucas Archer 0-0: Foul Ball, location: 2F
0-1: Ball
1-1: Called Strike
1-2: Strikes out swinging, 2-3 out at first.
Batting: LHB Ismael Báez 0-0: Ball
1-0: Ball
2-0: DOUBLE (Line Drive, 8RD)
Batting: RHB Geoff Rainey 0-0: Ball
1-0: Swinging Strike
1-1: Ball
2-1: Called Strike
2-2: SINGLE (Groundball, 6MD)
Ismael Báez to third
Batting: LHB Bernard Lane 0-0: Called Strike
0-1: Swinging Strike
0-2: Ball
1-2: Foul Ball, location: 2F
1-2: Foul Ball, location: 2F
1-2: Ground out 3-1 (Groundball, 34)
Geoff Rainey to second
Batting: LHB David Trent 0-0: Ball
1-0: Ball
2-0: Foul Ball, location: 2F
2-1: Ground out 5-3 (Groundball, 56)
Bottom of the 7th over - 0 runs, 2 hits, 0 errors, 2 left on base; Michigan 0 - Creighton 4
TOP OF THE 8TH
Michigan Wolverines batting - Pitching for Creighton Blue Jays : RHP Jason Lawson
Batting: RHB David Morgan 0-0: Called Strike
0-1: Foul Ball, location: 2F
0-2: Hit by Pitch
Batting: RHB George Bishop 0-0: Foul Ball, location: 2F
0-1: Swinging Strike
0-2: Fly out, F8 (Flyball, 8RM)
Batting: RHB Miguel Vega 0-0: Called Strike
0-1: Swinging Strike
0-2: Ball
1-2: Ball
2-2: Strikes out swinging
Batting: RHB Roberto López 0-0: Ball
1-0: Ball
2-0: Ball
3-0: Base on Balls
David Morgan to second
Batting: LHB Mark Wilson 0-0: Ball
1-0: Ball
2-0: Called Strike
2-1: SINGLE (Line Drive, 4MD)
David Morgan to third
Roberto López to second
Batting: LHB Dustin Jones 0-0: Ball
1-0: Ball
2-0: Ball
3-0: Foul Ball, location: 2F
3-1: Foul Ball, location: 2F
3-2: Base on Balls
David Morgan scores
Roberto López to third
Mark Wilson to second
Pitching: RHP Brad Vásquez
Batting: RHB Bob Caldwell 0-0: Fly out, F9 (Flyball, 9D)
Top of the 8th over - 1 run, 1 hit, 0 errors, 3 left on base; Michigan 1 - Creighton 4
BOTTOM OF THE 8TH
Creighton Blue Jays batting - Pitching for Michigan Wolverines : RHP Francisco González
Batting: LHB Mike Collier 0-0: Ball
1-0: Foul Ball, location: 2F
1-1: Ball
2-1: Foul Ball, location: 2F
2-2: Strikes out looking
Batting: RHB Carlos Gómez 0-0: Foul Ball, location: 2F
0-1: Foul Ball, location: 2F
0-2: Ground out 1-3 (Groundball, P)
Batting: LHB Miguel Maldonado 0-0: Fly out, F9 (Line Drive, 89S)
Bottom of the 8th over - 0 runs, 0 hits, 0 errors, 0 left on base; Michigan 1 - Creighton 4
TOP OF THE 9TH
Michigan Wolverines batting - Pitching for Creighton Blue Jays : RHP Brad Vásquez
Now at C: Jon Cartwright
Now at SS: Enrico De Jesús
Now in RF: Ryan Barnes
Batting: LHB Ken Miller 0-0: Called Strike
0-1: Ball
1-1: Foul Ball, location: 2F
1-2: Ball
2-2: SINGLE (Flyball, 7LS) - OUT at second base trying to stretch hit.
Batting: RHB Mike Clyne 0-0: Called Strike
0-1: Swinging Strike
0-2: Ball
1-2: Strikes out swinging
Batting: RHB David Morgan 0-0: Ball
1-0: Called Strike
1-1: Called Strike
1-2: Ball
2-2: Foul Ball, location: 2F
2-2: Foul Ball, location: 2F
2-2: Ball
3-2: Base on Balls
Batting: RHB George Bishop 0-0: Ball
1-0: Ball
2-0: Foul Ball, location: 2F
2-1: Ball
3-1: Base on Balls
David Morgan to second
Pinch Hitting: RHB Russell Ferguson 0-0: Ball
1-0: Ball
2-0: Called Strike
2-1: Foul Ball, location: 2F
2-2: Strikes out swinging
Top of the 9th over - 0 runs, 1 hit, 0 errors, 2 left on base; Michigan 1 - Creighton 4
Saturday, April 7th, 2018 - OOTP Baseball 18.8 Build 76